 Dungeon Crawl Stone Soup version 0.31-a0-705-ga145531891 (webtiles) character file.

Game seed: 5884827161423073849

7 qw the Shooter (level 2, -1/17 HPs)
             Began as a Gargoyle Hunter on Sept 9, 2023.
             Slain by a jackal (2 damage)
             ... on level 1 of the Dungeon.
             The game lasted 00:00:07 (172 turns).

qw the Shooter (Gargoyle Hunter)                     Turns: 172, Time: 00:00:08

Health: -1/17      AC:  5    Str: 14    XL:     2   Next: 0%
Magic:  2/2        EV: 11    Int:  9    God:
Gold:   11         SH:  0    Dex: 13    Spells: 1/1 levels left

rFire   . . .        a - +0 shortbow
rCold   . . .        (shield currently unavailable)
rNeg    + . .        c - +0 leather armour
rPois   inf          (no helmet)
rElec   +            (no cloak)
rCorr   .            (no gloves)
SInv    .            (no boots)
Will    .....        (no amulet)
Stlth   +            (no ring)
HPRegen 0.22/turn    (no ring)
MPRegen 0.08/turn

%: no passive effects
@: no status effects
A: sickness immunity, AC +2, negative energy resistance 1, electricity
resistance, torment resistance 1, petrification resistance
a: no special abilities


You were on level 1 of the Dungeon.
You visited 1 branch of the dungeon, and saw 1 of its levels.

You collected 11 gold pieces.


Innate Abilities, Weirdness & Mutations

You are immune to sickness and miasma.
Your stone body is resilient. (AC +2)
You are immune to poison.
You resist negative energy. (rN+)
You are resistant to electric shocks. (rElec)
You are resistant to unholy torment.
You are immune to petrification.


   Skills:
 - Level 2.1 Fighting
 + Level 4.4 Ranged Weapons
 - Level 1.5 Dodging
 - Level 1.1 Stealth


You had one spell level left.
You didn't know any spells.
Your spell library was empty.

Inventory:

Hand Weapons
 a - a +0 shortbow (weapon)
Armour
 c - a +0 leather armour (worn)
Scrolls
 b - a scroll of butterflies
Potions
 d - a potion of brilliance {unknown}

Dungeon Overview and Level Annotations

Branches:
Dungeon (1/15)

Altars:


Message History

The jackal attacks as it pursues you! The jackal bites you. x3
Enter note:
Enter note:
164 |||
Found retreat position at 0,2 (floor) with 0 blocking monsters and 3 monsters attacking at destination at distance 2
164 ||| Stepping ~*~*~tactically~*~*~ (retreating).
The jackal barely misses you.
Enter note:
Enter note:
165 |||
Found retreat position at 0,1 (floor) with 0 blocking monsters and 3 monsters attacking at destination at distance 1
165 ||| Stepping ~*~*~tactically~*~*~ (retreating).
The jackal barely misses you. The jackal bites you.
You shoot an arrow. The arrow hits the jackal.
The jackal is heavily wounded.
The jackal barely misses you. The jackal completely misses you.
The jackal barely misses you.
You shoot an arrow. The arrow closely misses the jackal.
The jackal closely misses you. The jackal bites you. x2
You shoot an arrow. The arrow hits the jackal.
The jackal is severely wounded.
The jackal closely misses you. x2; The jackal barely misses you.
The jackal bites you but does no damage.
The jackal closely misses you.
You shoot an arrow. The arrow barely misses the jackal.
The jackal bites you but does no damage.
The jackal barely misses you. The jackal misses you.
The jackal barely misses you. The jackal closely misses you.
You shoot an arrow. The arrow closely misses the jackal.
The jackal bites you but does no damage.
The jackal closely misses you.
The jackal bites you but does no damage.
The jackal bites you.
The jackal bites you but does no damage.
You shoot an arrow. The arrow closely misses the jackal.
The jackal barely misses you. x2; The jackal completely misses you.
The jackal bites you. The jackal closely misses you. x2
You shoot an arrow. The arrow closely misses the jackal.
The jackal barely misses you.
The jackal bites you but does no damage.
The jackal bites you. x2
You die...

.....%..........# .......
................###)......
...#.......%..............
................%.........
..##.......#####........$.
...##........ #..........
.....###..... #h........#
..... #... #hh......?#
..... #. #@hg.......
####....... . .##..) . .#
## .... ...### #.......#
..... .........
...#####(......#
................


You could see 4 jackals and a hobgoblin.

Vanquished Creatures
  A dart slug (D:1)
  A quokka (D:1)
  A bat (D:1)
  A kobold (D:1)
  2 rats (D:1)
6 creatures vanquished.

Notes
Turn   | Place    | Note
-------+----------+-------------------------------------------
     0 | D:1      | qw the Gargoyle Hunter began the quest for the Orb.
     0 | D:1      | Reached XP level 1. HP: 12/12 MP: 1/1
     0 | D:1      | 0 ||| qw: Version: 0.3-a-80-g6052c40
     0 | D:1      | 0 ||| qw: Game counter: 1323
     0 | D:1      | 0 ||| qw: Melee chars always use a shield: true
     0 | D:1      | 0 ||| qw: God list: Okawaru
     0 | D:1      | 0 ||| qw: Allow faded altars: false
     0 | D:1      | 0 ||| qw: Do Orc after clearing Dungeon:15 true
     0 | D:1      | 0 ||| qw: Do second Lair branch before Depths: true
     0 | D:1      | 0 ||| qw: Lair rune preference: random
     0 | D:1      | 0 ||| qw: Goals: Normal
     0 | D:1      | 0 ||| PLANNING D:1-11
   158 | D:1      | Reached XP level 2. HP: 14/17 MP: 2/2
   160 | D:1      | 160 ||| Stepping ~*~*~tactically~*~*~ (retreating).
   161 | D:1      | 161 ||| Stepping ~*~*~tactically~*~*~ (retreating).
   162 | D:1      | 162 ||| Stepping ~*~*~tactically~*~*~ (retreating).
   163 | D:1      | 163 ||| Stepping ~*~*~tactically~*~*~ (retreating).
   164 | D:1      | 164 ||| Stepping ~*~*~tactically~*~*~ (retreating).
   165 | D:1      | 165 ||| Stepping ~*~*~tactically~*~*~ (retreating).
   167 | D:1      | HP: 4/17 [jackal (1)]
   172 | D:1      | HP: 1/17 [jackal (1)]
   172 | D:1      | Slain by a jackal

Levels and vault maps discovered:
D:1:      zelgadis_glass_arrival_small, layout_basic, minmay_heptomino_w4

Action                     || total
---------------------------++-------
   Fire: Shortbow          ||    39
 Armour: Leather armour    ||    27
  Dodge: Dodged            ||    33

Table legend:
 A = Non-vault XP
 B = Vault XP
 C = Vault XP percentage of total XP
 D = Non-vault monster count
 E = Vault monster count
 F = Vault count percentage of total count
                 A         B        C        D         E       F
            +---------+---------+-------+---------+---------+-------
      Total |      10 |       0 |   0.0 |       6 |       0 |   0.0
            +---------+---------+-------+---------+---------+-------
        D:1 |      10 |       0 |   0.0 |       6 |       0 |   0.0
            +---------+---------+-------+---------+---------+-------
